 Dungeon Crawl Stone Soup version 0.27.1-2-g3b301248ec (webtiles) character file.

Game seed: 11460416600538576219

60 aSlayers the Grave Robber (level 4, -4/38 HPs)
             Began as a Gnoll Wanderer on Sept 20, 2021.
             Slain by a gnoll (8 damage)
             ... on level 1 of the Dungeon on Sept 27, 2021.
             The game lasted 00:09:16 (1631 turns).

aSlayers the Grave Robber (Gnoll Wanderer)          Turns: 1631, Time: 00:09:16

Health: -4/38      AC:  6    Str: 13    XL:     4   Next: 4%
Magic:  5/5        EV: 10    Int: 12    God:
Gold:   65         SH:  0    Dex: 10    Spells: 5/5 levels left

rFire    . . .     SeeInvis .   a - +2 hand crossbow
rCold    . . .     Faith    .   (no shield)
rNeg     . . .     Spirit   .   c - +1 ring mail
rPois    .         Reflect  .   (no helmet)
rElec    .         Harm     .   (no cloak)
rCorr    .         Rampage  .   (no gloves)
Will     .....                  (no boots)
Stlth    +.........             (no amulet)
HPRegen  0.12/turn              (no ring)
MPRegen  0.09/turn              (no ring)

@: no status effects
A: fangs 1, strong nose, distributed training
a: no special abilities


You were on level 1 of the Dungeon.
You visited 1 branch of the dungeon, and saw 2 of its levels.

You collected 65 gold pieces.

Inventory:

Hand Weapons
 a - a +2 hand crossbow (weapon)
Missiles
 b - 12 bolts (quivered ammo)
Armour
 c - a +1 ring mail (worn)
Jewellery
 g - a +4 ring of evasion
Scrolls
 h - a scroll of immolation {unknown}
 j - a scroll of teleportation {unknown}
Potions
 d - 2 potions of curing
 f - a potion of lignification {unknown}


   Skills:
 + Level 4.6 Fighting
 + Level 1.0 Short Blades
 + Level 1.0 Long Blades
 + Level 1.0 Axes
 + Level 1.0 Maces & Flails
 + Level 1.0 Polearms
 + Level 1.0 Staves
 + Level 1.0 Slings
 + Level 1.0 Bows
 + Level 2.7 Crossbows
 + Level 2.7 Throwing
 + Level 1.0 Armour
 + Level 1.0 Dodging
 + Level 1.0 Stealth
 + Level 1.0 Shields
 + Level 1.0 Unarmed Combat
 + Level 1.0 Spellcasting
 + Level 0.7 Conjurations
 + Level 0.7 Hexes
 + Level 0.7 Summonings
 + Level 5.4 Necromancy
 + Level 0.7 Translocations
 + Level 0.7 Transmutations
 + Level 0.7 Fire Magic
 + Level 3.8 Ice Magic
 + Level 0.7 Air Magic
 + Level 0.7 Earth Magic
 + Level 0.7 Poison Magic
 + Level 1.1 Invocations
 + Level 2.7 Evocations


You had 5 spell levels left.
You didn't know any spells.
Your spell library contained the following spells:

 Spells                   Type           Power      Damage    Failure   Level
 Gell's Gravitas          Tloc           1%         N/A       80%         3
 Lesser Beckoning         Tloc           1%         N/A       80%         3
 Teleport Other           Tloc           2%         N/A       80%         3
 Chain Lightning          Conj/Air       1%         3d1       100%        9
 Fire Storm               Conj/Fire      1%         7d1       100%        9


Dungeon Overview and Level Annotations

Branches:
Dungeon (2/15)

Altars:

Shops:
D:2 ?


Innate Abilities, Weirdness & Mutations

You have very sharp teeth.
Your uncanny sense of smell can sniff out nearby items.
Your experience applies equally to all skills.


Message History

The gnoll hits you with a +0 whip.
You shoot a bolt. The bolt barely misses the gnoll.
The gnoll hits you from afar with a +0 spear.
You shoot a bolt. The bolt closely misses the gnoll.
The gnoll hits you from afar with a +0 spear.
The gnoll barely misses you.
You shoot a bolt. The bolt hits the gnoll!
The gnoll is severely wounded.
The gnoll hits you with a +0 club.
The gnoll hits you from afar with a +0 spear.
The gnoll barely misses you. The gnoll barely misses you.
The gnoll closely misses you.
There is a stone staircase leading up here.
You can't go down here!
The gnoll hits you with a +0 club. The gnoll hits you with a +0 whip.
You climb upwards.
There is a stone staircase leading down here.
The gnoll barely misses you. The gnoll misses you.
You climb downwards.
There is a stone staircase leading up here.
The gnoll closely misses you. The gnoll hits you with a +0 whip.
The gnoll hits you but does no damage.
You climb upwards.
There is a stone staircase leading down here.
The gnoll completely misses you.
As you read the scroll labelled JIALEG VUGUDIL, it crumbles to dust.
You hear a loud clanging noise!
It was a scroll of noise.
The gnoll hits you with a +0 whip.
* * * LOW HITPOINT WARNING * * *
The gnoll hits you with a +0 club.
* * * LOW HITPOINT WARNING * * *
As you read the scroll labelled NYAN OSHUIRO, it crumbles to dust.
It is a scroll of enchant armour.
Your +0 ring mail glows green for a moment.
The gnoll misses you. The gnoll hits you but does no damage.
This is a scroll of acquirement!
Something appears at your feet! The gnoll hits you but does no damage.
The gnoll hits you with a +0 club!
You die...

### #.#
#################.#
.................>#
#################.#
######g# #....@g#
######## #.######
#......###.###
#......'.....#
#......###.#.#
#......# #.#.#
#......#
#.#.##########
###......#
#.#..........#
.........#
#.#..#######.#


You could see 2 gnolls.

Vanquished Creatures
  2 adders (D:2)
  A worm (D:2)
  4 endoplasms
  4 giant cockroaches
  4 goblins
  2 hobgoblins (D:1)
  5 ball pythons
  5 bats
  3 frilled lizards (D:1)
  4 kobolds
  3 rats
37 creatures vanquished.

Notes
Turn   | Place    | Note
-------+----------+-------------------------------------------
     0 | D:1      | aSlayers the Gnoll Wanderer began the quest for the Orb.
     0 | D:1      | aSlayers set off with the following items: a +2 hand
                  | crossbow, 22 bolts, a +0 ring mail, a potion of curing
     0 | D:1      | Reached XP level 1. HP: 20/20 MP: 1/1
   105 | D:1      | Reached XP level 2. HP: 19/26 MP: 2/2
   542 | D:1      | Found a faded altar of an unknown god.
   950 | D:2      | Found Hutz's Magic Scroll Shop.
   955 | D:2      | Reached XP level 3. HP: 31/31 MP: 3/3
   983 | D:2      | Upgraded the game from 0.27.1-1-g398f81649c to
                  | 0.27.1-2-g3b301248ec
  1051 | D:2      | Reached skill level 1 in Invocations
  1125 | D:2      | Reached skill level 1 in Short Blades
  1125 | D:2      | Reached skill level 1 in Long Blades
  1125 | D:2      | Reached skill level 1 in Axes
  1125 | D:2      | Reached skill level 1 in Maces & Flails
  1125 | D:2      | Reached skill level 1 in Polearms
  1125 | D:2      | Reached skill level 1 in Staves
  1125 | D:2      | Reached skill level 1 in Slings
  1125 | D:2      | Reached skill level 1 in Bows
  1125 | D:2      | Reached skill level 1 in Armour
  1125 | D:2      | Reached skill level 1 in Dodging
  1125 | D:2      | Reached skill level 1 in Stealth
  1125 | D:2      | Reached skill level 1 in Shields
  1125 | D:2      | Reached skill level 1 in Unarmed Combat
  1125 | D:2      | Reached skill level 1 in Spellcasting
  1525 | D:2      | Reached XP level 4. HP: 38/38 MP: 5/5
  1631 | D:1      | Identified a scroll of acquirement
  1631 | D:1      | Acquired a +6 plate armour of ponderousness
  1631 | D:1      | Slain by a gnoll

Illustrated notes

Levels and vault maps discovered:
D:1:      amcnicky_arrival_gap_in_the_tavern_cellar, layout_basic,
          shapermc_ecumenical_altar_acropolis
D:2:      layout_loops_ring, serial_shops, nicolae_shop_trees,
          grunt_decor_fettered, minmay_misc_feat_rugged

Skill      XL: |  1  2  3 |
---------------+----------+-----
Invocations    | 1 |  1.1
Short Blades   | 1 |  1.0
Long Blades    | 1 |  1.0
Axes           | 1 |  1.0
Maces & Flails | 1 |  1.0
Polearms       | 1 |  1.0
Staves         | 1 |  1.0
Slings         | 1 |  1.0
Bows           | 1 |  1.0
Armour         | 1 |  1.0
Dodging        | 1 |  1.0
Stealth        | 1 |  1.0
Shields        | 1 |  1.0
Unarmed Combat | 1 |  1.0
Spellcasting   | 1 |  1.0
Fighting       | |  4.6
Crossbows      | |  2.7
Throwing       | |  2.7
Conjurations   | |  0.7
Hexes          | |  0.7
Summonings     | |  0.7
Necromancy     | |  5.4
Translocations | |  0.7
Transmutations | |  0.7
Fire Magic     | |  0.7
Ice Magic      | |  3.8
Air Magic      | |  0.7
Earth Magic    | |  0.7
Poison Magic   | |  0.7
Evocations     | |  2.7

Action                   |  1- 3 |  4- 6 || total
-------------------------+-------+-------++-------
Melee: Hand crossbow     |    11 |       ||    11
 Fire: Hand crossbow     |    74 |    17 ||    91
  Use: Scroll            |       |     3 ||     3
Armor: Ring mail         |    49 |     5 ||    54
Dodge: Dodged            |    44 |    11 ||    55
